 Dungeon Crawl Stone Soup version 0.16.1-4-g8e1b745 (webtiles) character file.

10410 RobertPalmer the Severer (level 11, -1/75 HPs)
             Began as a Formicid Fighter on Mar 27, 2015.
             Was a Believer of Qazlal.
             Slain by a white ugly thing (6 damage)
             ... on level 11 of the Dungeon.
             The game lasted 00:25:37 (12325 turns).

RobertPalmer the Severer (Formicid Fighter)        Turns: 12325, Time: 00:25:38

Health: -1/75      AC:  8    Str: 24    XL:     11   Next: 92%
Magic:  15/15      EV: 13    Int:  5    God:    Qazlal [**....]
Gold:   623        SH: 14    Dex: 18    Spells: 0 memorised, 10 levels left

rFire  . . .     SeeInvis +     a - +1 war axe
rCold  + . .     Clarity  .     J - +0 ring mail of Struh {rElec Str+4 Int-4 Slay+2} (curse)
rNeg   . . .     SustAb   .     c - +1 shield
rPois  .         Gourm    .     (helmet unavailable)
rElec  +         Spirit   .     u - +0 cloak (curse)
rCorr  .         Warding  .     j - +0 pair of gloves (curse)
rMut   .         Stasis   +     (no boots)
MR     +....                    K - amulet of regeneration {+regen, !d}
Stlth  ++........               y - +3 ring of slaying
                                G - ring of protection from cold {rC+, !d}

@: agile, drained, somewhat resistant to hostile enchantments, unstealthy
A: permanent stasis, dig shafts and tunnels, four strong arms, antennae 3
a: Dig, Shaft Self, Upheaval, Renounce Religion


You were on level 11 of the Dungeon.
You worshipped Qazlal.
Qazlal was pleased with you.
You were not hungry.

You visited 2 branches of the dungeon, and saw 12 of its levels.
You also visited: Sewer and Ossuary.

You collected 623 gold pieces.

Inventory:

Hand weapons
 a - a +1 war axe (weapon)
 b - a +0 blowgun
   (You took it off a kobold on level 4 of the Dungeon)
Missiles
 r - 61 poisoned needles
 R - a throwing net {=f, !d}
Armour
 c - a +1 shield (worn)
 j - a cursed +0 pair of gloves (worn)
   (You found it on level 11 of the Dungeon)
 u - a cursed +0 cloak (worn)
   (You found it on level 4 of the Dungeon)
 J - the cursed +0 ring mail of Struh (worn) {rElec Str+4 Int-4 Slay+2}
   (You found it on level 7 of the Dungeon)

   It affects your strength (+4).
   It affects your intelligence (-4).
   It affects your accuracy and damage with ranged weapons and melee attacks
   (+2).
   It insulates you from electricity.
   It has a curse placed upon it.
Jewellery
 k - the ring of Secrets {+/*Tele rPois rC- Slay+2}
   (You found it on level 10 of the Dungeon)

   [ring of teleportation]

   It causes random teleportation, and can be evoked to teleport at will.
   It affects your accuracy and damage with ranged weapons and melee attacks
   (+2).
   It makes you vulnerable to cold.
   It protects you from poison.
 v - an uncursed ring of protection from fire {rF+, !d}
   (You found it on level 4 of the Dungeon)
 y - a +3 ring of slaying (right hand)
   (You found it on level 4 of the Dungeon)
 B - an uncursed ring of protection from magic {MR+, !d}
   (You took it off a goblin on level 4 of the Dungeon)
 G - a ring of protection from cold (left hand) {rC+, !d}
   (You found it on level 5 of the Dungeon)
 K - an amulet of regeneration (around neck) {+regen, !d}
   (You found it on level 9 of the Dungeon)
 P - a cursed +2 ring of strength
   (You found it on level 7 of the Dungeon)
 Q - an uncursed amulet of the gourmand {Gourm, !d}
   (You found it on level 7 of the Dungeon)
Magical devices
 t - a wand of fire (5)
   (You found it on level 11 of the Dungeon)
Scrolls
 g - 3 scrolls of remove curse
 l - 2 scrolls of fog
 q - 2 scrolls of identify
 x - 3 scrolls of fear
 C - a scroll of immolation {!r}
 E - 2 scrolls of amnesia
 S - a scroll of recharging
Potions
 e - a potion of might
 h - 6 potions of curing
 m - 2 potions of agility
 n - 2 potions of mutation {!q}
 o - 3 potions of brilliance {unknown}
 p - 2 potions of invisibility {unknown}
 s - 2 potions of flight
 w - a potion of cancellation {unknown}
 z - 4 potions of restore abilities
 A - a potion of resistance
 D - a potion of degeneration {unknown}
 F - a potion of magic {unknown}
 I - a potion of haste {unknown}
 M - a potion of lignification {unknown}
Comestibles
 d - 8 bread rations {@e1}
 i - 2 meat rations {@e2}
 H - a chunk of flesh {@w0}
 L - 2 royal jellies
 N - 3 beef jerkies
 O - 10 slices of pizza


   Skills:
 - Level 3.2(3.0) Fighting
 - Level 16.3(15.9) Axes
 + Level 6.3(6.0) Armour
 - Level 3.6(3.3) Shields


You had 10 spell levels left.
You didn't know any spells.

Dungeon Overview and Level Annotations

Branches:
Dungeon (11/15) Temple (1/1) D:6 Lair (0/8) D:9 D:10 Orc: D:9-12

Altars:
Ashenzari
Cheibriados
Dithmenos
Elyvilon
Fedhas
Gozag
Kikubaaqudgha
Makhleb
Nemelex Xobeh
Okawaru
Qazlal
Ru
Sif Muna
Trog
Vehumet
Xom
Yredelemnul
Zin
The Shining One
Beogh

Shops:
D:7 :   D:8 [

Annotations:
D:10 2 runed doors


Innate Abilities, Weirdness & Mutations

You are under a permanent stasis effect.
You can dig through walls and to a lower floor.
Your four strong arms can wield two-handed weapons with a shield.
You have a pair of large antennae on your head (SInv).


Message History

You now have 612 gold pieces (gained 18).
q - 2 scrolls of identify (gained 1)
w - a puce potion You sense a monster nearby.
A worker ant comes into view.
The worker ant twitches its antennae in your direction.
Found a stone staircase leading up.
A worker ant is nearby!
A worker ant is nearby!
A worker ant is nearby!
A worker ant is nearby!
You completely miss the worker ant. You block the worker ant's attack.
You hit the worker ant! The worker ant bites you.
You take 5 damage, and have 70/75 hp.
You closely miss the worker ant. You block the worker ant's attack.
You hit the worker ant!
You kill the worker ant!
Qazlal accepts your kill.
You see here a worker ant corpse.
You butcher the worker ant corpse.
H - 3 chunks of flesh {@w0} Eating one of 3 chunks of flesh {@w0}.
You are feeling hungry.
You continue eating. x2
You regained 2 hp, and now have 74/75 hp.
Eating one of 2 chunks of flesh {@w0}.
You continue eating. x2
Health restored: 75 Unknown command.
You now have 623 gold pieces (gained 11).
S - a scroll of recharging A white ugly thing comes into view.
A white ugly thing is nearby!
A white ugly thing is nearby!
A white ugly thing is nearby!
The white ugly thing tentacle-slaps you!
The white ugly thing freezes you!!
You feel a terrible chill!
You take 39 damage, and have 36/75 hp.
MASSIVE DAMAGE!!
Put on which piece of jewellery? (? for menu, Esc to quit)
You're wearing all the rings you can.
Remove which one? (? for menu, Esc to cancel) < or
k - the ring of Secrets {+/*Tele rPois rC- Slay+2} > or
y - a +3 ring of slaying You remove the ring of Secrets {+/*Tele rPois rC- Slay+2}.
The white ugly thing tentacle-slaps you!
The white ugly thing freezes you!
* * * LOW HITPOINT WARNING * * *
G - a ring of protection from cold (left hand) {rC+, !d} You take 26 damage, and have 10/75 hp.
MASSIVE DAMAGE!!
You block the white ugly thing's attack.
Okay, then.
Drink which item? (? for menu, Esc to quit)
You feel much better.
You block the white ugly thing's attack.
You regained 20 hp, and now have 33/75 hp.
Drink which item? (? for menu, Esc to quit)
You feel agile all of a sudden.
The white ugly thing closely misses you.
You hit the white ugly thing.
The white ugly thing tentacle-slaps you!
The white ugly thing freezes you! You resist.
* * * LOW HITPOINT WARNING * * *
You take 25 damage, and have 9/75 hp.
MASSIVE DAMAGE!!
Drink which item? (? for menu, Esc to quit)
You feel better.
The white ugly thing tentacle-slaps you but does no damage.
You regained 8 hp, and now have 19/75 hp.
You barely miss the white ugly thing. The white ugly thing barely misses you.
You hit the white ugly thing!
Drink which item? (? for menu, Esc to quit)
You feel better.
You block the white ugly thing's attack.
You regained 8 hp, and now have 28/75 hp.
You hit the white ugly thing!
The white ugly thing completely misses you.
You completely miss the white ugly thing.
The white ugly thing completely misses you.
You hit the white ugly thing! You hit the white ugly thing!
The white ugly thing tentacle-slaps you!
* * * LOW HITPOINT WARNING * * *
The white ugly thing freezes you. You resist.
* * * LOW HITPOINT WARNING * * *
You take 18 damage, and have 11/75 hp.
MASSIVE DAMAGE!!
Drink which item? (? for menu, Esc to quit)
You can't drink that!
Drink which item? (? for menu, Esc to quit)
You feel better.
The white ugly thing completely misses you.
You regained 6 hp, and now have 17/75 hp.
You closely miss the white ugly thing.
The white ugly thing tentacle-slaps you!
* * * LOW HITPOINT WARNING * * *
The white ugly thing freezes you. You resist.
You die...

##...##
##.....###
##<...##.##
##...#####..
##...## ##.
###..### ##
##...## #
#######..###
#....@u.##
#........#
##.....###
##....#
##.### ###


You could see a white ugly thing.

Vanquished Creatures
  The ghost of Thomus the Cleaver, a powerful HOFi of Okawaru (D:11)
  Pikel (D:5)
  The ghost of puimuR the Chopper, an experienced DsAs (D:7)
  Grinder (D:3)
  3 slime creatures (D:8)
  A hog (D:7)
  A deep elf mage (D:10)
  4 hippogriffs
  Eustachio (D:5)
  The ghost of stickyfingers the Ruffian, an average MiMo (D:3)
  Grum (D:10)
  A steam dragon (D:8)
  A yak (D:7)
  A deep elf fighter (D:9)
  A human (D:7)
  Edmund (D:8)
  4 wolves (D:10)
  2 water moccasins
  9 orc warriors
  2 ice beasts
  A sky beast (D:6)
  2 ogres
  2 black bears
  2 centaurs
  2 slaves (D:5)
  A phantom (D:9)
  A wasp (D:10)
  4 giant frogs
  An elf zombie (Ossuary)
  Blork the orc (D:7)
  A gnoll sergeant (D:8)
  A wyvern skeleton (D:5)
  10 wights
  5 scorpions
  4 jellies
  5 crimson imps
  A giant frog zombie (D:6)
  9 orc priests
  A gnoll shaman (D:6)
  2 centaur zombies (Ossuary)
  9 hounds
  8 worker ants
  A giant frog skeleton (D:9)
  A human zombie (Ossuary)
  An iguana (D:9)
  19 orc wizards
  2 sheep (D:7)
  3 big kobold zombies (Ossuary)
  Ijyb (D:6)
  2 hound skeletons
  5 hound zombies
  Terence (D:3)
  2 worker ant zombies (D:10)
  3 mummies (Ossuary)
  12 adders
  16 gnolls
  7 river rats
  2 shadow imps
  3 giant mites
  4 worms
  An ufetubus (D:5)
  5 adder zombies
  An adder skeleton (D:8)
  11 giant geckos
  An ooze (D:3)
  78 orcs
  6 ball pythons
  27 bats
  2 bat skeletons
  A bat zombie (D:7)
  4 giant cockroaches
  2 gnoll zombies (Ossuary)
  13 hobgoblins
  20 jackals
  14 kobolds
  A giant gecko skeleton (D:5)
  10 giant newts
  A giant spore (D:7)
  17 goblins
  2 goblin zombies (Ossuary)
  7 hobgoblin zombies (Ossuary)
  3 jackal zombies (Ossuary)
  4 kobold zombies (Ossuary)
  3 quokkas
  2 quokka skeletons (D:4)
  A quokka zombie (Ossuary)
  34 rats
  2 rat zombies (Ossuary)
  5 ballistomycetes (D:7)
  2 fungi (D:9)
476 creatures vanquished.

Vanquished Creatures (others)
  A slave (D:5)
  A hound zombie (D:5)
  An orc (D:5)
  A bat (D:5)
  A plant (D:10)
5 creatures vanquished.

Grand Total: 481 creatures vanquished

Notes
Turn   | Place    | Note
--------------------------------------------------------------
     0 | D:1      | RobertPalmer, the Formicid Fighter, began the quest for the Orb.
     0 | D:1      | Reached XP level 1. HP: 18/18 MP: 1/1
   285 | D:1      | Reached XP level 2. HP: 22/24 MP: 3/3
   387 | D:1      | Reached skill level 3 in Axes
   631 | D:2      | Reached XP level 3. HP: 20/29 MP: 4/4
   985 | D:2      | Reached skill level 4 in Axes
   985 | D:2      | Reached XP level 4. HP: 31/35 MP: 5/5
  1673 | D:3      | Noticed Grinder
  1714 | D:3      | Killed Grinder
  1714 | D:3      | Reached skill level 6 in Axes
  1714 | D:3      | Reached XP level 5. HP: 11/41 MP: 7/7
  1714 | D:3      | Reached XP level 6. HP: 12/47 MP: 8/8
  1929 | D:3      | Found a glowing drain.
  1933 | Sewer    | Entered a sewer
  2291 | Sewer    | Reached XP level 7. HP: 45/52 MP: 9/9
  2341 | D:3      | Noticed stickyfingers' ghost (average MiMo)
  2353 | D:3      | Killed stickyfingers' ghost
  2353 | D:3      | Reached skill level 7 in Axes
  2667 | D:3      | Noticed Terence
  2674 | D:3      | Killed Terence
  3089 | D:3      | Reached skill level 8 in Axes
  3407 | D:4      | Found a snail-covered altar of Cheibriados.
  3548 | D:4      | Reached XP level 8. HP: 58/58 MP: 11/11
  4166 | D:5      | Entered Level 5 of the Dungeon
  4176 | D:5      | Reached skill level 9 in Axes
  4211 | D:5      | Noticed Pikel
  4234 | D:5      | HP: 13/58 [slave[Pikel] (8)]
  4252 | D:5      | HP: 14/58 [Pikel/whip of freezing (2)]
  4253 | D:5      | Killed Pikel
  4253 | D:5      | Reached skill level 10 in Axes
  4258 | D:5      | HP: 13/58 [centaur (2)]
  4496 | D:5      | Noticed Eustachio
  4503 | D:5      | Reached XP level 9. HP: 62/64 MP: 12/12
  4510 | D:5      | Found a sacrificial altar of Ru.
  4533 | D:5      | Killed Eustachio
  4533 | D:5      | Reached skill level 11 in Axes
  4883 | D:5      | Found a runed door.
  4958 | D:5      | Reached skill level 4 in Armour
  5473 | D:5      | Found a shadowy altar of Dithmenos.
  5475 | D:5      | Found a basalt altar of Yredelemnul.
  5476 | D:5      | Found an iron altar of Okawaru.
  5514 | D:5      | Reached skill level 5 in Armour
  5607 | D:5      | Found a burning altar of Makhleb.
  5607 | D:5      | Noticed a balrug
  5814 | D:5      | Found a roughly hewn altar of Beogh.
  5927 | D:5      | Reached skill level 6 in Armour
  6136 | D:6      | Noticed Ijyb
  6149 | D:6      | Killed Ijyb
  6422 | D:6      | Reached skill level 12 in Axes
  6426 | D:6      | Reached XP level 10. HP: 50/70 MP: 13/13
  6501 | D:6      | Found a staircase to the Ecumenical Temple.
  6524 | Temple   | Entered the Ecumenical Temple
  6845 | D:7      | Noticed Blork the orc
  6849 | D:7      | Got a distressingly furry ring mail
  6854 | D:7      | Killed Blork the orc
  6855 | D:7      | Identified the cursed +0 ring mail of Struh {rElec Str+4 Int-4 Slay+2} (You found it on level 7 of the Dungeon)
  6905 | D:7      | Noticed puimuR's ghost (experienced DsAs)
  6916 | D:7      | Killed puimuR's ghost
  6946 | D:7      | Found Frit's Book Emporium.
  7253 | D:7      | Reached skill level 13 in Axes
  8091 | D:8      | Noticed Edmund
  8117 | D:8      | Killed Edmund
  8211 | D:8      | Found a sand-covered staircase.
  8221 | Ossuary  | Entered an ossuary
  8515 | Ossuary  | Reached skill level 14 in Axes
  8826 | D:8      | Reached XP level 11. HP: 58/75 MP: 15/15
  9033 | D:8      | Found Cuiw's Armour Shoppe.
  9907 | D:9      | Reached skill level 15 in Axes
 10292 | D:9      | Found a staircase to the Lair.
 10375 | D:9      | Found a stormy altar of Qazlal.
 10412 | D:9      | Became a worshipper of Qazlal Stormbringer
 10776 | D:10     | Entered Level 10 of the Dungeon
 10856 | D:10     | Got a crude golden ring
 10870 | D:10     | Found a runed door.
 10877 | D:10     | Identified the ring of Secrets {+/*Tele rPois rC- Slay+2} (You found it on level 10 of the Dungeon)
 10885 | D:10     | Found a runed door.
 10903 | D:10     | Noticed a hill giant
 10914 | D:10     | HP: 7/75 [hill giant/giant club (32)]
 10973 | D:10     | Acquired Qazlal's first power
 11397 | D:10     | Noticed Grum
 11414 | D:10     | Killed Grum
 11422 | D:10     | Reached skill level 16 in Axes
 11624 | D:10     | Found a staircase to the Lair.
 11639 | D:10     | Acquired Qazlal's second power
 11643 | D:10     | HP: 10/75 [komodo dragon (27)]
 11804 | D:11     | Noticed Thomus' ghost (powerful HOFi)
 11825 | D:11     | HP: 18/75 [Thomus' ghost (26)]
 11828 | D:11     | Killed Thomus' ghost
 12300 | D:11     | Noticed a white ugly thing
 12304 | D:11     | HP: 9/75 [white ugly thing (15)]
 12313 | D:11     | HP: 9/75 [white ugly thing (17)]
 12323 | D:11     | HP: 17/75 [white ugly thing (13)]
 12325 | D:11     | HP: 5/75 [white ugly thing (13)]
 12325 | D:11     | Slain by a white ugly thing

Action                   |  1- 3 |  4- 6 |  7- 9 | 10-12 || total
-------------------------+-------+-------+-------+-------++-------
Melee: War axe           |   122 |   182 |   411 |   659 ||  1374
       Unarmed           |       |       |       |     7 ||     7
 Fire: Blowgun           |       |       |    13 |       ||    13
 Abil: Dig               |       |     1 |     1 |       ||     2
Evoke: Wand              |       |       |     1 |     1 ||     2
  Use: Scroll            |       |     7 |     6 |    15 ||    28
       Potion            |       |       |     3 |    10 ||    13
  Eat: Chunk             |       |     5 |    13 |    20 ||    38
       Pizza             |       |       |     1 |       ||     1
       Beef jerky        |       |       |       |     1 ||     1

Vault maps used:
D:1:      dpeg_arrival_arbitrary_a, corexii_item_surrounded_by_moat
D:2:      serial_bayou_pond_c
D:3:      first_bread, gup_sewer_entry_bowl, hangedman_decor_opposing,
          uniq_grinder, uniq_terence
D:4:      cheibriados_altar_1, minmay_misc_feat_chi, kennysheep_generic_room_9
D:5:      lemuel_crystal_altar, minitemple, makhleb_altar_promises_db,
          lightli_church_of_beogh, uniq_eustachio, uniq_pikel
D:6:      temple_statues, uniq_iyjb
D:7:      serial_shops, kennysheep_mini_moat, grunt_livestock,
          uniq_blork_the_orc
D:8:      serial_shops, shop, nicolae_ossuary_entry_monument,
          grunt_ministairs_5, roderic_roman_lattice, uniq_edmund
D:9:      nicolae_qazlal_general_emergency, grunt_lair_entry_elf_guard_hut,
          kennysheep_small_spiral, minmay_misc_feat_four_crosses
D:10:     david_lair_shrubbed, minmay_misc_feat_encased, st_stairs_10,
          minmay_statue_crystal_thing, uniq_grum
Temple:   triangle_lava_temple_12
Sewer:    sewer_co_cracked_pipes
Ossuary:  minmay_ossuary_two_tombs

Table legend:
 A = Turns spent in this place as a percentage of turns spent in the entire game.
 B = Non-inter-level travel turns spent in this place as a percentage of non-inter-level travel turns spent in the entire game.
 C = Inter-level travel turns spent in this place as a percentage of turns spent in this place.
 D = Turns resting spent in this place as a percentage of non-inter-level travel turns spent in this place.
 E = Turns spent auto-exploring this place as a percentage of non-inter-level travel turns spent in this place.
 F = Non-inter-level travel turns spent in this place divided by the number of levels of this place that you've seen.
                   A       B       C       D       E      F
               +-------+-------+-------+-------+-------+----------------------
         Total | 100.0 | 100.0 |   0.3 |   1.6 |   7.0 | 360.1
       Dungeon |  86.6 |  86.6 |   0.3 |   1.7 |   8.0 | 396.7
        Temple |   1.1 |   1.1 |   0.0 |   0.0 |   0.0 |  54.0
         Sewer |   8.0 |   8.0 |   0.0 |   0.0 |   0.7 | 402.0
       Ossuary |   4.4 |   4.4 |   0.0 |   2.3 |   0.5 | 221.0
               +-------+-------+-------+-------+-------+----------------------

Table legend:
 A = Kills in this place as a percentage of kills in entire the game.
 B = Kills by you in this place as a percentage of kills by you in the entire game.
 C = Kills by friends in this place as a percentage of kills by friends in the entire game.
 D = Other kills in this place as a percentage of other kills in the entire game.
 E = Experience gained in this place as a percentage of experience gained in the entire game.
 F = Experience gained in this place divided by the number of levels of this place that you have seen.
                   A       B       C       D       E      F
               +-------+-------+-------+-------+-------+----------------------
         Total | 100.0 | 100.0 |  -nan |  -nan | 100.0 | 1062.3
       Dungeon |  86.9 |  86.9 |  -nan |  -nan |  96.2 | 1300.5
         Sewer |   5.0 |   5.0 |  -nan |  -nan |   0.6 |  91.0
       Ossuary |   8.2 |   8.2 |  -nan |  -nan |   3.2 | 476.0
               +-------+-------+-------+-------+-------+----------------------
